Get step-by-step instructions on how to execute this build order below. Start the game timer, and the build order will tick by so you can play in parallel with StarCraft on a second screen or mobile device.

Game Time

  0:00

Last Step

  N/A

Next Step

Upcoming Step



Don't want to look back and forth between 2 screens? Try out our Overwolf App, the Spawning Tool Build Advisor to get an in-game overlay with this build!

Complete Build Order

  12  0:00  Probe  
  13  0:12  Probe  
  14  0:18  Pylon  
  14  0:24  Probe (Chrono Boost)  
  15  0:36  Gateway, Probe (Chrono Boost)  
  16  0:44  Probe (Chrono Boost)  
  16  0:45  Assimilator  
  17  0:51  Probe  
  17  0:54  Assimilator  
  18  1:03  Probe (Chrono Boost)  
  19  1:10  Gateway  
  19  1:12  Probe (Chrono Boost)  
  19  1:17  Probe (Chrono Boost)  
  20  1:23  Cybernetics Core  
  21  1:29  Probe  
  22  1:33  Pylon  
  22  1:41  Probe  
  23  1:53  Probe  
  24  2:01  Warp Gate, Adept x2  
  28  2:09  Pylon  
  28  2:22  Robotics Facility  
  28  2:31  Stalker x2  
  33  2:49  Gateway  
  32  3:00  Sentry  
  32  3:01  Sentry  
  36  3:06  Warp Prism (Chrono Boost)  
  36  3:07  Pylon  
  38  3:16  Shield Battery  
  38  3:32  Immortal (Chrono Boost)  
  38  3:38  Pylon  
  40  3:49  Sentry, Stalker  
  44  3:56  Pylon  
  44  4:05  Observer  
  45  4:12  Pylon  
  45  4:22  Adept x3  
  51  4:47  Adept x3  
  55  5:14  Adept x3  
  57  5:39  Adept x3  
  45  6:00  Sentry x2  
  45  6:01  Stalker  
  45  6:03  Immortal  
  55  6:05  Pylon  
  55  6:07  Pylon  
  53  6:27  Stalker  
  53  6:28  Adept x2  
  51  6:50  Adept x2  
  51  6:51  Adept